 Dungeon Crawl Stone Soup version 0.27.0-1-g7a089689b8 (webtiles) character file.

Game seed: 13068372481490436535

20413 SnakkuSnakku7 the Bludgeoner (level 12, -5/101 HPs)
             Began as a Minotaur Monk on Aug 11, 2021.
             Was the Champion of Okawaru.
             Killed from afar by a fire dragon (26 damage)
             ... with a blast of flame
             ... on level 15 of the Dungeon.
             The game lasted 00:20:05 (11416 turns).

SnakkuSnakku7 the Bludgeoner (Minotaur Monk)       Turns: 11416, Time: 00:20:06

Health: -5/101     AC: 19    Str: 19 (21) XL:     12   Next: 45%
Magic:  17/17      EV:  5    Int: 12 (13) God:    Okawaru [******]
Gold:   459        SH: 13    Dex: 12 (13) Spells: 11/11 levels left

rFire    + . .     SeeInvis .   a - +5 morningstar of Extremism {holy, Int+6}
rCold    . . .     Faith    .   J - +1 kite shield {reflect}
rNeg     + . .     Spirit   .   L - +2 plate armour {rF+}
rPois    +         Reflect  +   G - +2 hat
rElec    .         Harm     .   F - +0 cloak
rCorr    +         Rampage  .   b - +0 pair of gloves of Mezcal {rPois Regen+}
Will     .....                  y - +1 pair of boots {Stlth+}
Stlth    ..........             (no amulet)
HPRegen  1.26/turn              s - ring of resist corrosion
MPRegen  0.15/turn              i - ring of positive energy

@: no status effects
A: horns 2, retaliatory headbutt
a: Renounce Religion, Heroism, Finesse


You were on level 15 of the Dungeon.
You worshipped Okawaru.
Okawaru was exalted by your worship.
You visited 2 branches of the dungeon, and saw 14 of its levels.
You also visited: Sewer and Bailey.

You collected 1171 gold pieces.
You spent 712 gold pieces at shops.

Inventory:

Hand Weapons
 a - the +5 morningstar of Extremism (weapon) {holy, Int+6}
   (You found it in a bailey)

   It has been blessed by the Shining One to cause great damage to the undead
   and demons.
   Int:       It affects your intelligence (+6).
Missiles
 A - a throwing net
 B - a curare-tipped dart (quivered)
Armour
 b - the +0 pair of gloves of Mezcal (worn) {rPois Regen+}
   (You bought it in a shop on level 4 of the Dungeon)

   rPois:     It protects you from poison.
   Regen:     It increases your rate of health regeneration.
 l - +0 ice dragon scales
 y - a +1 pair of boots of stealth (worn)
 F - a +0 cloak (worn)
 G - a +2 hat (worn)
 J - a +1 kite shield of reflection (worn)
 L - a +2 plate armour of fire resistance (worn)
Jewellery
 i - a ring of positive energy (right hand)
 k - a ring of wizardry
 n - a ring of magical power
 s - a ring of resist corrosion (left hand)
Wands
 e - a wand of mindburst (18)
 m - a wand of digging (5)
 r - a wand of flame (5)
 t - a wand of acid (8)
Scrolls
 c - 4 scrolls of immolation
 d - a scroll of summoning
 g - 3 scrolls of teleportation
 p - 2 scrolls of magic mapping
 x - a scroll of brand weapon
 C - a scroll of identify
 I - a scroll of fear
Potions
 f - 2 potions of curing
 h - 3 potions of mutation
 j - 5 potions of brilliance {unknown}
 o - a potion of attraction
 q - a potion of cancellation
 u - 3 potions of degeneration
 v - a potion of might {unknown}
 z - a potion of ambrosia
 D - a potion of resistance {unknown}
 K - 2 potions of haste {unknown}
Miscellaneous
 w - a condenser vane
 H - a phial of floods (inert)


   Skills:
 - Level 8.0 Fighting
 - Level 16.0 Maces & Flails
 - Level 3.4 Armour
 - Level 3.2 Dodging
 - Level 1.5 Stealth
 - Level 10.0 Shields
 - Level 8.0 Invocations
 + Level 7.5 Evocations


You had 11 spell levels left.
You didn't know any spells.
Your spell library contained the following spells:

 Spells                   Type           Power      Damage    Failure   Level
 Corona                   Hex            0%         N/A       100%        1
 Ensorcelled Hibernation  Hex/Ice        0%         N/A       100%        2
 Slow                     Hex            0%         N/A       100%        2
 Confusing Touch          Hex            0%         N/A       100%        3
 Dazzling Flash           Conj/Hex       0%         N/A       100%        3
 Gell's Gravitas          Tloc           0%         N/A       100%        3
 Teleport Other           Tloc           0%         N/A       100%        3
 Tukima's Dance           Hex            0%         N/A       100%        3
 Summon Lightning Spire   Summ/Air       0%         N/A       100%        4
 Agony                    Necr           0%         N/A       100%        5
 Silence                  Hex/Air        0%         N/A       100%        5
 Yara's Violent Unravell  Hex/Tmut       0%         3d3       100%        5
 Dispersal                Tloc           0%         N/A       100%        6
 Storm Form               Tmut/Air       0%         N/A       100%        7
 Maxwell's Capacitive Co  Air            0%         ∞         100%        8


Dungeon Overview and Level Annotations

Branches:
Dungeon (12/15)            Temple (1/1) D:7            Lair (0/6) D:10
    Orc (0/2) D:12          Sewer (visited)          Bailey (visited)

Altars:
Ashenzari
Cheibriados
Dithmenos
Elyvilon
Fedhas
Gozag
Hepliaklqana
Kikubaaqudgha
Makhleb
Nemelex Xobeh
Okawaru
Qazlal
Ru
Sif Muna
Trog
Uskayaw
Vehumet
Wu Jian
Xom
Yredelemnul
Zin
The Shining One

Shops:
D:4 [   D:5 *   D:9 (

Annotations:
D:7 exclusion: moth of wrath


Innate Abilities, Weirdness & Mutations

You have a pair of horns on your head.
You reflexively headbutt those who attack you in melee.


Message History

Aim the phial where?
Press: ? - help, Shift-Dir - straight line, f - fire dragon
Aim: a fire dragon (heavily wounded, catching its breath)
The torrent of water misses the fire dragon.
The wave splashes down.
Splash!
You fall into the shallow water.
Moving in this stuff is going to be slow.
The fire dragon is engulfed in water.
The cyclops is engulfed in water.
The brown ugly thing is engulfed in water.
You hear a shout! x2
The fire dragon bites you!
* * * LOW HITPOINT WARNING * * *
The fire dragon claws you but does no damage.
The fire dragon tramples you but does no damage.
Unknown command.
You block the fire dragon's attack.
The fire dragon claws you but does no damage.
The fire dragon completely misses you.
Okay, then.
It was a potion of degeneration.
There was something very wrong with that liquid.
You feel weakened.
You feel dopey.
You feel clumsy. The fire dragon breathes flames at you.
The blast of flame hits you!! You resist.
* * * LOW HITPOINT WARNING * * *
You hear a shout!
You feel better. The fire dragon closely misses you.
You block the fire dragon's attack. x2
As you read the scroll of fear, it crumbles to dust.
You assume a fearsome visage.
The fire dragon looks frightened!
The cyclops looks frightened!
The brown ugly thing looks frightened!
The brown ugly thing easily resists.
The brown ugly thing looks frightened!
A boggart comes into view.
Cornered, the fire dragon turns to fight!
The boggart mumbles some strange words.
The boggart flickers and vanishes!
Cornered, the cyclops turns to fight!
The fire dragon breathes flames at you. The blast of flame hits you!!
You resist.
You die...

#.u.u..####
#≈{≈.......
#≈≈........ #
#u######### ..
#C# ...####D#
........#
........#
##.....@#
#......######
#...........#
#..######...##
+.. #....###
#. #....#≈# .
# #....#≈# ...
#....#≈#.....
#.....≈......


You could see a fire dragon (catching breath, waterlogged), a brown ugly thing
(summoned) and a cyclops (summoned, waterlogged).

Vanquished Creatures
  Gastronok (D:10)
  An ice dragon (D:10)
  A tengu warrior (D:10)
  2 two-headed ogres (D:10)
  The ghost of scisormetimb3rs the Fighter, a novice VSFi of Zin (D:8)
  An orc knight (Bailey)
  A deep elf pyromancer (D:12)
  A cyclops (D:12)
  2 gargoyles
  2 unseen horrors
  A kobold demonologist (D:10)
  A komodo dragon (D:11)
  4 trolls
  A meliai zombie (D:10)
  2 wraiths
  25 yaks
  Grum (D:11)
  3 basilisks (D:10)
  A steam dragon (D:8)
  A vampire mosquito (D:10)
  2 acid dragons
  5 water moccasins
  12 orc warriors
  4 ice beasts
  4 black bears
  2 necrophages (D:6)
  An ogre (D:8)
  6 wolves
  3 centaurs
  9 kobold brigands
  4 bullfrogs
  A gnoll sergeant (D:10)
  A wyvern zombie (D:9)
  A wyvern skeleton (D:7)
  2 scorpions (D:5)
  2 killer bees (D:10)
  4 howler monkeys
  A bullfrog zombie (D:5)
  2 hounds (D:6)
  5 centaur zombies
  3 jellies
  A gnoll shaman (D:6)
  A bullfrog skeleton (D:6)
  8 orc priests
  A centaur skeleton (D:7)
  A scorpion zombie (D:5)
  2 iguanas
  5 orc wizards
  A killer bee zombie (D:8)
  A centaur simulacrum (D:8)
  Robin (D:3)
  10 gnolls
  12 adders
  7 river rats
  2 howler monkey simulacra (D:8)
  4 white imps (D:8)
  2 ufetubi
  3 worms
  A dart slug (D:2)
  35 orcs
  8 endoplasms
  4 giant cockroaches
  14 goblins
  11 hobgoblins
  11 jackals
  21 kobolds
  3 quokkas
  3 training dummies (D:9)
  11 ball pythons
  A bat (D:2)
  3 frilled lizards
  15 rats
330 creatures vanquished.

Vanquished Creatures (others)
  4 fungi (D:10)
  10 plants (D:10)
  3 withered plants (D:5)
17 creatures vanquished.

Grand Total: 347 creatures vanquished

Notes
Turn   | Place    | Note
-------+----------+-------------------------------------------
     0 | D:1      | SnakkuSnakku7 the Minotaur Monk began the quest for the
                  | Orb.
     0 | D:1      | Reached XP level 1. HP: 19/19 MP: 0/0
   173 | D:1      | Reached skill level 4 in Maces & Flails
   173 | D:1      | Reached XP level 2. HP: 26/27 MP: 1/1
   178 | D:1      | Found a faded altar of an unknown god.
  1091 | D:2      | Reached XP level 3. HP: 34/34 MP: 2/2
  1293 | D:2      | Reached skill level 5 in Fighting
  1293 | D:2      | Reached skill level 5 in Maces & Flails
  1293 | D:2      | Reached XP level 4. HP: 41/42 MP: 3/3
  2177 | D:3      | Noticed Robin
  2193 | D:3      | Killed Robin
  2579 | D:4      | Reached XP level 5. HP: 44/48 MP: 4/4
  2582 | D:4      | Noticed an orc warrior
  2794 | D:4      | Found Disu's Antique Armour Boutique.
  3137 | D:4      | Reached skill level 6 in Maces & Flails
  3289 | D:4      | Reached XP level 6. HP: 22/57 MP: 5/5
  3351 | D:4      | Found a radiant altar of Vehumet.
  3556 | D:5      | Entered Level 5 of the Dungeon
  3588 | D:5      | Found a sacrificial altar of Ru.
  3600 | D:5      | Noticed an ice beast
  3615 | D:5      | Killed an ice beast
  3616 | D:5      | Reached skill level 7 in Maces & Flails
  3729 | D:5      | Reached XP level 7. HP: 56/66 MP: 6/6
  3735 | D:5      | Found an ancient bone altar of Kikubaaqudgha.
  3844 | D:5      | Found a snail-covered altar of Cheibriados.
  4069 | D:5      | Found Fethralu's Assorted Antiques.
  4077 | D:5      | Bought a scroll labelled LUACYN VESITS for 28 gold pieces
  4077 | D:5      | Bought a scroll labelled MEGOHUESKI for 28 gold pieces
  4077 | D:5      | Bought a golden potion for 25 gold pieces
  4077 | D:5      | Bought a fizzy white potion for 25 gold pieces
  4077 | D:5      | Bought a scroll labelled ZIPHICSEBU for 28 gold pieces
  4227 | D:6      | Reached skill level 8 in Maces & Flails
  4337 | D:6      | Found a glowing drain.
  4368 | Sewer    | Entered a sewer
  4570 | Sewer    | Reached skill level 9 in Maces & Flails
  4630 | Sewer    | Reached XP level 8. HP: 45/74 MP: 7/7
  4773 | Sewer    | Reached skill level 10 in Maces & Flails
  4943 | D:6      | Found a broken altar of Ashenzari.
  5061 | D:6      | Reached skill level 11 in Maces & Flails
  5078 | D:6      | Found a white marble altar of Elyvilon.
  5616 | D:6      | Reached skill level 12 in Maces & Flails
  5696 | D:7      | Found a staircase to the Ecumenical Temple.
  5792 | Temple   | Entered the Ecumenical Temple
  5811 | Temple   | Became a worshipper of Warmaster Okawaru
  5811 | Temple   | Reached * piety under Okawaru
  5811 | Temple   | Reached ** piety under Okawaru
  5895 | D:7      | Reached skill level 1 in Invocations
  5895 | D:7      | Reached XP level 9. HP: 52/81 MP: 8/8
  6504 | D:7      | Noticed a moth of wrath
  6507 | D:7      | Found a bloodstained altar of Trog.
  6549 | D:7      | Identified the +3 dagger of Zakhla Inwoyg {spect, Str+4
                  | Int+3}
  6869 | D:7      | Found an opulent altar of Gozag.
  7007 | D:8      | Found a flagged portal.
  7033 | D:8      | Reached skill level 13 in Maces & Flails
  7147 | Bailey   | Entered a bailey
  7232 | Bailey   | Noticed an orc knight
  7236 | Bailey   | Reached *** piety under Okawaru
  7242 | Bailey   | Killed an orc knight
  7243 | Bailey   | Reached skill level 5 in Invocations
  7250 | Bailey   | Found an iron altar of Okawaru.
  7256 | Bailey   | Identified the +5 morningstar of Extremism {holy, Int+6}
  7294 | D:8      | Found a runed translucent gate.
  7294 | D:8      | Found a runed translucent gate.
  7294 | D:8      | Found a runed translucent gate.
  7408 | D:4      | Bought a pair of encrusted gloves for 323 gold pieces
  7408 | D:4      | Identified the +0 pair of gloves of Mezcal {rPois Regen+}
                  | (You bought it in a shop on level 4 of the Dungeon)
  7408 | D:4      | Bought a pair of runed boots for 255 gold pieces
  7755 | D:8      | Reached XP level 10. HP: 65/88 MP: 13/13
  7816 | D:8      | Noticed scisormetimb3rs's ghost (novice VSFi)
  7854 | D:8      | Killed scisormetimb3rs's ghost
  7855 | D:8      | Reached skill level 14 in Maces & Flails
  7890 | D:8      | Identified the ring "Yseh" {Fire Contam rPois MP-9 Dex+8}
  7915 | D:8      | Reached **** piety under Okawaru
  8017 | D:8      | Found a stormy altar of Qazlal.
  8017 | D:8      | Found a blossoming altar of Fedhas.
  8528 | D:8      | Reached skill level 15 in Maces & Flails
  8568 | D:8      | Reached skill level 1 in Armour
  8619 | D:9      | Reached ***** piety under Okawaru
  8734 | D:9      | Found Godudwoa's Firing Range.
  9034 | D:9      | Found a shimmering altar of Xom.
  9084 | D:10     | Entered Level 10 of the Dungeon
  9094 | D:10     | Reached skill level 1 in Shields
  9094 | D:10     | Reached XP level 11. HP: 92/94 MP: 16/16
  9240 | D:10     | Received a gift from Okawaru
  9306 | D:10     | Found a staircase to the Lair.
  9391 | D:10     | Noticed a two-headed ogre
  9532 | D:10     | Noticed a two-headed ogre
  9536 | D:10     | Noticed an ice dragon
  9590 | D:10     | Noticed Gastronok
  9606 | D:9      | Reached skill level 16 in Maces & Flails
  9606 | D:9      | Reached skill level 5 in Shields
  9633 | D:10     | Killed Gastronok
  9649 | D:10     | Found a hide-covered altar of Uskayaw.
  9755 | D:10     | Killed a two-headed ogre
  9770 | D:10     | Identified the +9 trident "Wosuojora" {vamp, rElec Int+4}
  9815 | D:10     | Found a hazy altar of Hepliaklqana.
 10008 | D:10     | Received a gift from Okawaru
 10018 | D:10     | Reached skill level 10 in Shields
 10026 | D:10     | Reached skill level 1 in Evocations
 10099 | D:10     | Killed a two-headed ogre
 10107 | D:10     | Reached XP level 12. HP: 96/101 MP: 15/17
 10135 | D:10     | Noticed a tengu warrior
 10161 | D:10     | Killed a tengu warrior
 10351 | D:10     | Killed an ice dragon
 10355 | D:10     | Reached skill level 5 in Evocations
 10587 | D:11     | Reached ****** piety under Okawaru
 10836 | D:11     | Noticed Grum
 10852 | D:11     | Killed Grum
 11017 | D:11     | Received a gift from Okawaru
 11098 | D:12     | Found a staircase to the Orcish Mines.
 11374 | D:12     | You fall into a shaft and drop 3 floors!
 11374 | D:15     | Entered Level 15 of the Dungeon
 11394 | D:15     | Noticed a fire dragon
 11416 | D:15     | Killed from afar by a fire dragon

Illustrated notes

Levels and vault maps discovered:
D:1:      sevenhm_arrival_forest_fort_large_1, layout_basic,
          basic_ecumenical_altar
D:2:      layout_loops_ring
D:3:      layout_basic, uniq_robin
D:4:      layout_rooms, vehumet_altar_wand_db, serial_shops, nicolae_shop_stone
D:5:      layout_rooms, nicolae_ru_the_path_less_chosen,
          kiku_gazebo_garden_becter, mainiacjoe_overflow_surrounded_room,
          serial_shops, kennysheep_mini_moat
D:6:      layout_basic, old_standard_altar, lemuel_coloured_pillars_altar,
          portal_sewer_entry_b, kennysheep_generic_room_10
D:7:      layout_gridville, lemuel_crystal_altar, tgw_trog,
          minmay_temple_entry_fiery
D:8:      layout_basic, grunt_temple_overflow_forces_of_nature, enter_bailey_2,
          gammafunk_ghost_icy, special_room [special_room_orc]
D:9:      layout_rooms, tgw_xom, nicolae_shop_firing_range
D:10:     layout_irregular_city, mainiacjoe_overflow_chevrons,
          worldfamousw_hep_ancestral_shrine, minmay_lair_entry_grove,
          nzn_random_ring, uniq_gastronok
D:11:     layout_basic, uniq_grum
D:12:     layout_long_grid, orc_0_dummy
D:15:     grunt_enter_depths_magical_seal, layout_irregular_city, serial_rivers,
          chequers_serial_rivers_small_a, chequers_serial_rivers_small_a,
          chequers_serial_rivers_micro_b, chequers_serial_rivers_micro_a
Temple:   jpeg_temple_island

Skill      XL: |  1  2  3  4  5  6  7  8  9 10 11 12 |
---------------+-------------------------------------+-----
Fighting       | 4 5 6 7 8 |  8.0
Maces & Flails | 4 5 6 7 9 12 13 15 16 | 16.0
Invocations    | 1 5 8 |  8.0
Armour         | 3 |  3.4
Shields        | 1 10 | 10.0
Evocations     | 3 7 |  7.5
Dodging        | |  3.2
Stealth        | |  1.5

Action                   |  1- 3 |  4- 6 |  7- 9 | 10-12 || total
-------------------------+-------+-------+-------+-------++-------
Melee: Mace              |    63 |   152 |   217 |       ||   432
       Headbutt          |    10 |    36 |    73 |   115 ||   234
       Flail             |       |       |   119 |       ||   119
       Morningstar       |       |       |    35 |   510 ||   545
       Punch             |       |       |       |     1 ||     1
Throw: Dart              |       |       |     2 |       ||     2
Invok: Heroism           |       |       |     1 |     4 ||     5
Evoke: Wand              |       |       |    19 |       ||    19
       Condenser vane    |       |       |     1 |       ||     1
       Phial of floods   |       |       |       |     1 ||     1
  Use: Scroll            |       |     1 |    15 |     5 ||    21
       Potion            |       |       |     3 |     4 ||     7
 Stab: Sleeping          |     3 |       |       |       ||     3
Armor: Robe              |     7 |       |       |       ||     7
       Chain mail        |    10 |    87 |    84 |       ||   181
       Plate armour      |       |       |    84 |   350 ||   434
Dodge: Dodged            |    46 |    61 |   122 |   135 ||   364
Block: Kite shield       |       |       |       |    70 ||    70
       Reflection        |       |       |       |     1 ||     1
